 Dungeon Sprint DCSS version 0.30.0-29-ga12c61a403 (webtiles) character file.

Game seed: 12692185831927619157

9300000 Revguard the Intangible (level 27, -3/228 HPs)
             Began as a Djinni Warper on June 19, 2023.
             Was the Champion of Makhleb.
             Slain by a meat beast (11 damage)
             ... in the Dungeon (Sprint VIII: "Arena of Blood").
             The game lasted 00:11:18 (93 turns).

Revguard the Intangible (Djinni Warper)               Turns: 93, Time: 00:11:21

Health: -3/228     AC:  6    Str: 10    XL:     27
Gold:   0          EV: 31    Int: 22    God:    Makhleb [******] SH:  0 Dex: 20

rFire   + + .        i - +∞ Axe of Woe
rCold   x . .        (shield currently unavailable)
rNeg    . . .        b - +0 leather armour
rPois   ∞            (no helmet)
rElec   .            (no cloak)
rCorr   .            (no gloves)
SInv    .            (boots unavailable)
Will    ++...        (no amulet)
Stlth   ++++++++++   (no ring)
HPRegen 0.58/turn    (no ring)
MPRegen 0.00/turn

%: no teleportation, infuse magic (-4 HP)
@: liquefying, flying, slowed movement, very slow
A: sickness immunity, fire resistance 2, cold vulnerability 1, float, innate
caster, HP casting, extra vitality 1
a: Renounce Religion, Minor Destruction, Lesser Servant of Makhleb, Major
Destruction, Greater Servant of Makhleb


You were in the Dungeon.
You worshipped Makhleb.
Makhleb was exalted by your worship.
You visited 1 branch

Inventory:

Hand Weapons
 a - a +0 hand axe
 i - the +∞ Axe of Woe (weapon)
   (You found it in the Dungeon)
Missiles
 d - 7 boomerangs of dispersal
Armour
 b - a +0 leather armour (worn)
Scrolls
 c - 2 scrolls of blinking
Potions
 e - a potion of curing
 f - a potion of heal wounds
 g - a potion of haste
 h - a potion of berserk rage


   Skills:
 O Level 27 Fighting
 O Level 27 Short Blades
 O Level 27 Long Blades
 O Level 27 Axes
 O Level 27 Maces & Flails
 O Level 27 Polearms
 O Level 27 Staves
 O Level 27 Ranged Weapons
 O Level 27 Throwing
 O Level 27 Armour
 O Level 27 Dodging
 O Level 27 Stealth
 O Level 27 Shields
 O Level 27 Unarmed Combat
 O Level 27 Spellcasting
 O Level 27 Invocations
 O Level 27 Evocations


You knew the following spells:

 Your Spells              Type           Power      Damage    Failure   Level
a - Blink                 Tloc           100%       N/A       0%          2
b - Lesser Beckoning      Tloc           100%       N/A       0%          2
c - Vhi's Electric Charg  Tloc/Air       100%       N/A       0%          3
d - Teleport Other        Tloc           99%        N/A       0%          3
e - Manifold Assault      Tloc           99%        N/A       0%          4
f - Foxfire               Conj/Fire      100%       2x1d9     0%          1
g - Static Discharge      Conj/Air       100%       2-7/arc   0%          2
h - Searing Ray           Conj           100%       2d8       0%          2
i - Leda's Liquefaction   Hex/Erth       49%        N/A       0%          4
j - Freezing Cloud        Conj/Ice/Air   49%        6-21      0%          5
k - Lee's Rapid Deconstr  Erth           49%        3d23*     0%          5
l - Statue Form           Tmut/Erth      66%        N/A       0%          6
m - Orb of Destruction    Conj           49%        9d13      0%          7
n - Dragon Form           Tmut           49%        N/A       0%          7
o - Disjunction           Tloc           49%        N/A       1%          8
p - Ignition              Fire           49%        3d14      1%          8
q - Summon Horrible Thin  Summ           49%        N/A       1%          8
r - Shatter               Erth           49%        3d38*     1%          9
Your spell library was empty.

Dungeon Overview and Level Annotations

Branches:
Dungeon (1/1)

Altars:
Makhleb

Annotations:
D The Servant


Innate Abilities, Weirdness & Mutations

You are immune to sickness and miasma.
You are immune to poison.
Your flesh is very heat resistant. (rF++)
You are vulnerable to cold. (rC-)
You float through the air rather than walking.
You learn spells naturally, not from books.
Your magical power is your life essence.
You have superior vitality. (+4 MHP)


Message History

The large bag of meat explodes!
The fiery explosion engulfs the sculptor of flesh!!
The fiery explosion engulfs the large bag of meat!
The fiery explosion engulfs you. You resist.
The tyrant appears out of thin air!
A tyrant comes into view.
You are engulfed in blazing flames.
You resist.
The tyrant shouts!
You hear an angry growl.
You hear a shout!
The meat berserker is engulfed in blazing flames.
The meat berserker rages.
The dread calls on the powers of darkness!
The bag of meat convulses!
The large bag of meat convulses!
Flame seeps out of the large bag of meat.
The bag of meat convulses! x2; The large bag of meat convulses!
Flame seeps out of the large bag of meat.
The bag of meat convulses! x5; Your body is wracked with pain!
The bag of meat convulses! x5; The meat berserker convulses!
The bag of meat convulses! x2
A meat berserker comes into view. It is wielding a +9 battleaxe.
The large bag of meat is engulfed in blazing flames.
The dread calls on the powers of darkness!
The bag of meat convulses! x3; The meat berserker convulses!
The Servant convulses!
The bag of meat convulses!
The meat berserker convulses!
The bag of meat convulses! x4; The large bag of meat convulses!
Flame seeps out of the large bag of meat.
The bag of meat convulses! x6; The meat berserker convulses!
The large bag of meat convulses!
Flame seeps out of the large bag of meat.
The bag of meat convulses! x3; Your body is wracked with pain!
* * * LOW HITPOINT WARNING * * *
The tyrant waves its bony arms in wide circles.
The air twists around and strikes you!!
* * * LOW HITPOINT WARNING * * *
A meat berserker comes into view. It is wielding a +9 battleaxe.
The accursed gestures at you while chanting.
Something smites you!
* * * LOW HITPOINT WARNING * * *
The meat beast is engulfed in blazing flames.
The meat beast bites you!
You die... oo)§....XL.o).) .o..).X..XXO.
W #{Oo..V.#..O #.. #X.Wo.ooo)o. ..oo###oo@.o2W#.#o M.....MoO{##oooo)) #.o)oWzozO°ooo)..

..o)§.)#o§§2M#)...
...)...#§§@)_# )
....o.§#V○2LL#
.#.....o§§_)Wo.LzX
......)oO###.O)°Mo
....###oo. ).2o#M
....


o.ooo ..#o.. ..#O°§. ..#.X. .W..2VO2 .o .O ....oo... .. You could see 4
accurseds, a tentacled monstrosity (summoned), 5 meat beasts, 3 tyrants, The
Servant, a destroyer, 2 sculptors of flesh, 5 large bags of meat, 3 large
abominations, 5 dreads, 4 meat berserkers and 32 bags of meat.

Vanquished Creatures
  14 hell beasts (D)
  4 royal mummies (D)
  A wraith (D)
  13 vampire knights (D)
  41 ogres (D)
  8 two-headed ogres (D)
  4 liches (D)
  A hydra (D)
  2 phantoms (D)
  36 orcs (D)
  6 skeletal warriors (D)
130 creatures vanquished.

Vanquished Creatures (others)
  A two-headed ogre (D)
  An orc (D)
2 creatures vanquished.

Grand Total: 132 creatures vanquished

Notes
Turn   | Place    | Note
-------+----------+-------------------------------------------
     0 | D        | Found the +∞ Axe of Woe
     0 | D        | Revguard the Djinni Warper began the quest for the Orb.
     0 | D        | Revguard set off with the following spells memorised:
                  | Blink, Lesser Beckoning, Vhi's Electric Charge, Teleport
                  | Other, Manifold Assault.
     0 | D        | Reached XP level 1. HP: 18/18 MP: 0/0
     1 | D        | Noticed a meat berserker
     1 | D        | Noticed a bag of meat
     1 | D        | Noticed a bag of meat
     3 | D        | Became a worshipper of Makhleb the Destroyer
     4 | D        | Killed a meat berserker
     5 | D        | Reached skill level 10 in Axes
     5 | D        | Reached XP level 2. HP: 38/38 MP: 0/0
     5 | D        | Reached XP level 3. HP: 43/43 MP: 0/0
     5 | D        | Learned a level 1 spell: Foxfire
     5 | D        | Reached XP level 4. HP: 49/49 MP: 0/0
     5 | D        | Reached XP level 5. HP: 55/55 MP: 0/0
     5 | D        | Learned a level 2 spell: Static Discharge
     5 | D        | Reached XP level 6. HP: 61/61 MP: 0/0
     5 | D        | Reached XP level 7. HP: 66/66 MP: 0/0
     5 | D        | Learned a level 2 spell: Searing Ray
     5 | D        | Reached XP level 8. HP: 72/72 MP: 0/0
     5 | D        | Reached XP level 9. HP: 77/77 MP: 0/0
     5 | D        | Learned a level 4 spell: Leda's Liquefaction
     5 | D        | Reached XP level 10. HP: 84/84 MP: 0/0
     5 | D        | Reached XP level 11. HP: 89/89 MP: 0/0
     5 | D        | Learned a level 5 spell: Freezing Cloud
     5 | D        | Reached XP level 12. HP: 95/95 MP: 0/0
     7 | D        | Noticed a bag of meat
     8 | D        | Killed a bag of meat
     8 | D        | Reached * piety under Makhleb
     8 | D        | Noticed a bag of meat
     9 | D        | Reached skill level 10 in Throwing
     9 | D        | Reached skill level 10 in Spellcasting
     9 | D        | Reached XP level 13. HP: 102/102 MP: 0/0
     9 | D        | Learned a level 5 spell: Lee's Rapid Deconstruction
     9 | D        | Killed a bag of meat
     9 | D        | Killed a bag of meat
    10 | D        | Reached skill level 15 in Dodging
    10 | D        | Reached XP level 14. HP: 108/112 MP: 0/0
    18 | D        | Noticed a large bag of meat
    19 | D        | Killed a large bag of meat
    19 | D        | Reached ** piety under Makhleb
    19 | D        | Noticed a meat berserker
    20 | D        | Reached skill level 15 in Fighting
    20 | D        | Reached skill level 15 in Armour
    20 | D        | Reached skill level 15 in Invocations
    20 | D        | Killed a meat berserker
    20 | D        | Noticed a bag of meat
    21 | D        | Reached XP level 15. HP: 99/122 MP: 0/0
    21 | D        | Learned a level 6 spell: Statue Form
    21 | D        | Noticed a meat berserker
    21 | D        | Noticed a meat berserker
    22 | D        | Killed a meat berserker
    22 | D        | Reached *** piety under Makhleb
    23 | D        | Reached skill level 15 in Axes
    23 | D        | Reached skill level 15 in Throwing
    23 | D        | Reached XP level 16. HP: 132/132 MP: 0/0
    23 | D        | Killed a meat berserker
    23 | D        | Reached **** piety under Makhleb
    23 | D        | Noticed a large bag of meat
    24 | D        | Reached skill level 15 in Spellcasting
    24 | D        | Reached XP level 17. HP: 142/142 MP: 0/0
    24 | D        | Learned a level 7 spell: Orb of Destruction
    24 | D        | Killed a large bag of meat
    25 | D        | Noticed a meat berserker
    25 | D        | Noticed a meat berserker
    25 | D        | Noticed a meat berserker
    26 | D        | Killed a meat berserker
    26 | D        | Reached ***** piety under Makhleb
    26 | D        | Killed a meat berserker
    27 | D        | Reached XP level 18. HP: 155/155 MP: 0/0
    27 | D        | Killed a meat berserker
    27 | D        | Noticed a meat berserker
    27 | D        | Noticed a meat berserker
    28 | D        | Killed a meat berserker
    28 | D        | Killed a meat berserker
    29 | D        | Reached XP level 19. HP: 165/165 MP: 0/0
    29 | D        | Learned a level 7 spell: Dragon Form
    35 | D        | Noticed a sculptor of flesh
    37 | D        | Killed a sculptor of flesh
    37 | D        | Noticed a meat berserker
    40 | D        | Killed a meat berserker
    41 | D        | Noticed a meat berserker
    43 | D        | Noticed a meat berserker
    44 | D        | Noticed a destroyer
    45 | D        | Reached ****** piety under Makhleb
    45 | D        | Killed a meat berserker
    45 | D        | Killed a destroyer
    45 | D        | Noticed a large bag of meat
    45 | D        | Noticed a destroyer
    46 | D        | Reached skill level 27 in Dodging
    46 | D        | Reached XP level 20. HP: 179/179 MP: 0/0
    47 | D        | Killed a large bag of meat
    47 | D        | Killed a meat berserker
    47 | D        | Killed a destroyer
    47 | D        | Noticed a meat berserker
    48 | D        | Reached skill level 27 in Fighting
    48 | D        | Reached skill level 27 in Armour
    48 | D        | Reached skill level 27 in Invocations
    48 | D        | Reached XP level 21. HP: 187/187 MP: 0/0
    48 | D        | Learned a level 8 spell: Disjunction
    48 | D        | Killed a meat berserker
    48 | D        | Noticed a tyrant
    48 | D        | Noticed a meat berserker
    49 | D        | Killed a tyrant
    49 | D        | Killed a meat berserker
    50 | D        | Reached skill level 27 in Axes
    50 | D        | Reached skill level 27 in Throwing
    50 | D        | Reached XP level 22. HP: 194/194 MP: 0/0
    50 | D        | Noticed a destroyer
    51 | D        | Killed a destroyer
    52 | D        | Reached skill level 27 in Spellcasting
    52 | D        | Reached skill level 5 in Shields
    52 | D        | Reached skill level 5 in Unarmed Combat
    52 | D        | Reached skill level 5 in Evocations
    54 | D        | Noticed a meat berserker
    55 | D        | Killed a meat berserker
    59 | D        | Noticed a meat berserker
    60 | D        | Noticed a destroyer
    61 | D        | Killed a meat berserker
    61 | D        | Killed a destroyer
    61 | D        | Noticed a meat berserker
    62 | D        | Reached skill level 10 in Shields
    62 | D        | Reached skill level 10 in Unarmed Combat
    62 | D        | Reached skill level 10 in Evocations
    62 | D        | Reached XP level 23. HP: 201/201 MP: 0/0
    62 | D        | Learned a level 8 spell: Ignition
    62 | D        | Noticed a large bag of meat
    63 | D        | Reached skill level 10 in Maces & Flails
    63 | D        | Reached skill level 10 in Polearms
    63 | D        | Reached skill level 10 in Ranged Weapons
    63 | D        | Killed a large bag of meat
    66 | D        | Reached XP level 24. HP: 208/208 MP: 0/0
    67 | D        | Reached skill level 15 in Shields
    67 | D        | Reached skill level 15 in Unarmed Combat
    67 | D        | Reached skill level 15 in Evocations
    69 | D        | Noticed a large bag of meat
    69 | D        | Noticed a destroyer
    70 | D        | Noticed a meat beast
    70 | D        | Killed a destroyer
    70 | D        | Killed a large bag of meat
    70 | D        | Killed a meat beast
    70 | D        | Noticed a destroyer
    71 | D        | Reached XP level 25. HP: 214/214 MP: 0/0
    71 | D        | Learned a level 8 spell: Summon Horrible Things
    71 | D        | Noticed a meat beast
    71 | D        | Noticed an accursed
    71 | D        | Noticed a meat beast
    72 | D        | Killed an accursed
    72 | D        | Killed a meat beast
    72 | D        | Noticed an accursed
    73 | D        | Reached XP level 26. HP: 209/221 MP: 0/0
    73 | D        | Noticed a meat beast
    73 | D        | Noticed a dread
    74 | D        | Killed a meat beast
    74 | D        | Killed an accursed
    74 | D        | Noticed a meat beast
    74 | D        | Noticed a destroyer
    75 | D        | Reached XP level 27. HP: 228/228 MP: 0/0
    75 | D        | Learned a level 9 spell: Shatter
    75 | D        | Noticed a destroyer
    75 | D        | Noticed a meat beast
    75 | D        | Noticed an accursed
    76 | D        | Noticed a destroyer
    76 | D        | Noticed a destroyer
    76 | D        | Killed a destroyer
    77 | D        | Killed a destroyer
    77 | D        | Noticed a large bag of meat
    77 | D        | Noticed a large bag of meat
    77 | D        | Noticed a large bag of meat
    77 | D        | Noticed The Servant
    77 | D        | Noticed a destroyer
    77 | D        | Noticed an accursed
    77 | D        | Noticed an accursed
    77 | D        | Noticed a dread
    78 | D        | Reached skill level 27 in Shields
    78 | D        | Reached skill level 27 in Unarmed Combat
    78 | D        | Reached skill level 27 in Evocations
    78 | D        | Killed a meat beast
    78 | D        | Killed a destroyer
    78 | D        | Noticed a meat beast
    78 | D        | Noticed a large bag of meat
    79 | D        | Reached skill level 27 in Short Blades
    79 | D        | Reached skill level 27 in Long Blades
    79 | D        | Reached skill level 27 in Maces & Flails
    79 | D        | Reached skill level 27 in Polearms
    79 | D        | Reached skill level 27 in Staves
    79 | D        | Reached skill level 27 in Ranged Weapons
    79 | D        | Reached skill level 27 in Stealth
    79 | D        | Noticed a large bag of meat
    79 | D        | Noticed a tyrant
    79 | D        | Killed a destroyer
    79 | D        | Noticed a meat beast
    80 | D        | Noticed a destroyer
    80 | D        | Killed a meat beast
    80 | D        | Noticed a meat beast
    80 | D        | Noticed a dread
    81 | D        | Noticed a meat beast
    81 | D        | Noticed an accursed
    81 | D        | Killed a meat beast
    81 | D        | Noticed a dread
    82 | D        | Noticed a meat beast
    82 | D        | Killed a meat beast
    82 | D        | Noticed an accursed
    82 | D        | Noticed a dread
    83 | D        | Noticed a meat beast
    83 | D        | Killed a destroyer
    83 | D        | Killed a destroyer
    83 | D        | Noticed a tyrant
    84 | D        | Noticed a destroyer
    84 | D        | Noticed a large bag of meat
    84 | D        | Noticed a destroyer
    84 | D        | Killed an accursed
    84 | D        | Noticed a tyrant
    84 | D        | Noticed a meat beast
    84 | D        | Noticed a destroyer
    84 | D        | Noticed a large bag of meat
    85 | D        | Noticed a destroyer
    85 | D        | Noticed a meat beast
    85 | D        | Killed a meat beast
    85 | D        | Noticed a tyrant
    85 | D        | Noticed a meat beast
    85 | D        | Noticed a large bag of meat
    85 | D        | Noticed a tyrant
    86 | D        | Killed a tyrant
    86 | D        | Noticed a meat beast
    87 | D        | Killed a meat beast
    87 | D        | Noticed a tyrant
    88 | D        | Noticed a destroyer
    89 | D        | Killed an accursed
    89 | D        | Killed a meat beast
    89 | D        | Killed a destroyer
    89 | D        | Killed a meat beast
    89 | D        | Noticed a meat beast
    90 | D        | Killed a meat beast
    90 | D        | Killed a tyrant
    90 | D        | Killed a tyrant
    90 | D        | Killed a destroyer
    90 | D        | Killed a large bag of meat
    90 | D        | Noticed a meat beast
    90 | D        | Noticed a meat beast
    90 | D        | Noticed an accursed
    91 | D        | Killed a dread
    91 | D        | Noticed an accursed
    91 | D        | Noticed a dread
    92 | D        | Killed a meat beast
    92 | D        | Killed a meat beast
    92 | D        | Killed a large bag of meat
    92 | D        | Noticed a large bag of meat
    93 | D        | Killed a large bag of meat
    93 | D        | Killed a large bag of meat
    93 | D        | Noticed a tyrant
    93 | D        | HP: 8/228 [accursed/divine providence (13)]
    93 | D        | Slain by a meat beast

Illustrated notes

Levels and vault maps discovered:
D:        meatsprint

Skill      XL: |  1  2  3  4  5  6  7  8  9 10 11 12 13 14 15 16 17 18 19 20 21 22 23 24 25 26 27 |
---------------+----------------------------------------------------------------------------------+-----
Fighting       | 11 12 14 16 18 19 21 23 26 27 | 27.0
Axes           | 10 12 14 15 16 18 20 22 25 27 | 27.0
Throwing       | 9 10 12 13 15 16 18 20 22 25 27 | 27.0
Armour         | 11 12 14 16 18 19 21 23 26 27 | 27.0
Dodging        | 12 13 15 17 19 21 23 25 27 | 27.0
Spellcasting   | 9 10 11 13 14 15 17 18 21 23 26 27 | 27.0
Invocations    | 11 12 14 16 18 19 21 23 26 27 | 27.0
Short Blades   | 9 13 18 21 23 27 | 27.0
Long Blades    | 9 13 18 21 23 27 | 27.0
Maces & Flails | 9 12 17 19 22 27 | 27.0
Polearms       | 9 12 17 19 22 27 | 27.0
Staves         | 9 13 18 21 23 27 | 27.0
Ranged Weapons | 9 12 17 19 22 27 | 27.0
Stealth        | 9 13 18 21 23 27 | 27.0
Shields        | 10 14 19 22 25 27 | 27.0
Unarmed Combat | 10 14 19 22 25 27 | 27.0
Evocations     | 10 14 19 22 25 27 | 27.0

Action                     |  1- 3 |  4- 6 |  7- 9 | 10-12 | 13-15 | 16-18 | 19-21 | 22-24 | 25-27 || total
---------------------------+-------+-------+-------+-------+-------+-------+-------+-------+-------++-------
  Melee: Executioner's axe |     1 |       |       |     1 |     7 |    10 |    13 |    18 |    34 ||    84
   Cast: Manifold Assault  |       |       |       |     1 |     3 |     6 |     6 |     9 |     5 ||    30
         Orb of Destructio |       |       |       |       |       |       |     3 |       |       ||     3
         Leda's Liquefacti |       |       |       |       |       |       |     1 |       |       ||     1
         Ignition          |       |       |       |       |       |       |       |     1 |     2 ||     3
         Vhi's Electric Ch |       |       |       |       |       |       |       |       |     7 ||     7
         Shatter           |       |       |       |       |       |       |       |       |     1 ||     1
 Armour: Leather armour    |       |       |       |       |       |       |       |       |     2 ||     2
  Dodge: Dodged            |       |       |       |       |       |       |       |       |     5 ||     5
